 Dungeon Crawl Stone Soup version 0.19-a0-1907-gcff654f (webtiles) character file.

79 Disciple the Conjurer (level 4, 0/38 HPs)
             Began as a Draconian Conjurer on Oct 22, 2016.
             Slain by Sigmund
             ... wielding a +1 scythe of protection
              (12 damage)
             ... on level 3 of the Dungeon.
             The game lasted 00:05:43 (2109 turns).

Disciple the Conjurer (Draconian Conjurer)          Turns: 2109, Time: 00:05:44

Health: 0/38       AC:  8    Str: 10    XL:     4   Next: 17%
Magic:  7/7        EV: 12    Int: 16    God:
Gold:   85         SH:  0    Dex: 12    Spells: 1 memorised, 6 levels left

rFire  . . .     SeeInvis .     p - +0 hand axe
rCold  . . .     Gourm    .     (armour unavailable)
rNeg   . . .     Faith    .     (no shield)
rPois  .         Spirit   .     (helmet restricted)
rElec  .         Reflect  .     (no cloak)
rCorr  .         Harm     .     f - +2 pair of gloves
MR     .....                    (no boots)
Stlth  +.........               (no amulet)
                                (no ring)
                                (no ring)

@: confused
A: unfitting armour, cold-blooded, AC +5
a: no special abilities


You were on level 3 of the Dungeon.
You were not hungry.

You visited 1 branch of the dungeon, and saw 3 of its levels.

You collected 85 gold pieces.

Inventory:

Hand Weapons
 p - a +0 hand axe (weapon)
Missiles
 l - 4 needles of confusion
 r - 11 poisoned needles
Armour
 f - a +2 pair of gloves (worn)
 g - a +0 buckler
Wands
 m - a wand of slowing (25/48)
Scrolls
 e - a scroll of recharging {unknown}
 h - a scroll of immolation {unknown}
 i - a scroll of remove curse {unknown}
 k - 2 scrolls of identify {unknown}
 q - a scroll of teleportation {unknown}
Potions
 d - a potion of degeneration {unknown}
 n - a potion of lignification
 o - a potion of might {unknown}
 s - a potion of curing {unknown}
Books
 a - a book of Conjurations

   Spells                             Type                      Level
   a - Magic Dart                     Conjuration                  1
   b - Searing Ray                    Conjuration                  2
   c - Dazzling Spray                 Conjuration/Hexes            3
   d - Fulminant Prism                Conjuration/Hexes            4
   e - Iskenderun's Mystic Blast      Conjuration                  4
   f - Iskenderun's Battlesphere      Conjuration/Charms           5
Comestibles
 b - 3 bread rations
 c - a slice of pizza
 j - 2 chunks of flesh


   Skills:
 - Level 3.0 Fighting
 - Level 1.7 Dodging
 - Level 1.7 Stealth
 - Level 2.0 Spellcasting
 + Level 4.8 Conjurations


You had 6 spell levels left.
You knew the following spells:

 Your Spells              Type           Power        Failure   Level  Hunger
a - Magic Dart            Conj           ###.         3%          1    #......


Dungeon Overview and Level Annotations

Branches:
Dungeon (3/15)

Altars:
Elyvilon
Gozag
Uskayaw
Yredelemnul

Annotations:
D:3 Sigmund


Innate Abilities, Weirdness & Mutations

Your plain brown scales are hard. (AC +5)
You cannot fit into any form of body armour.
You are cold-blooded and may be slowed by cold attacks.


Message History

You nearly hit yourself!
You hear some strange, mumbled words.
A puff of flame appears from out of thin air!
The puff of flame hits you!
You closely miss something.
You feel less woody.
Your +2 pair of gloves unmelds from your body.
You feel less confused. Something hits you.
You closely miss something.
You hear some strange, mumbled words.
You are confused.
You're too confused to attack without stumbling around!
You're too confused to attack without stumbling around!
You're too confused to attack without stumbling around!
You're too confused to attack without stumbling around!
You're too confused to move!
Something hits you!
* * * LOW HITPOINT WARNING * * *
Something hits you!
You die...

### ..### ###...
.... ## #{#### #..
#.@..#
#..###.##.##
#...(..#....
#.##$#.#..###
#...#..# ###.#..#
#.####.#..#
#.........#####
######.#.###..####
#####


There were no monsters in sight!

Vanquished Creatures
  An adder (D:2)
  2 oozes (D:1)
  A worm (D:2)
  2 dart slugs (D:1)
  2 leopard geckos
  6 bats
  A giant cockroach (D:2)
  8 hobgoblins
  4 jackals (D:2)
  5 kobolds
  A quokka (D:2)
  7 frilled lizards
  7 goblins
  2 rats (D:2)
49 creatures vanquished.

Notes
Turn   | Place    | Note
-------+----------+-------------------------------------------
     0 | D:1      | Disciple the Draconian Conjurer began the quest for the Orb.
     0 | D:1      | Reached XP level 1. HP: 14/14 MP: 3/3
   245 | D:1      | Reached skill level 1 in Fighting
   399 | D:1      | Reached XP level 2. HP: 24/24 MP: 1/5
   998 | D:1      | Reached XP level 3. HP: 30/30 MP: 6/6
  1794 | D:2      | Found a basalt altar of Yredelemnul.
  1915 | D:2      | Reached XP level 4. HP: 32/38 MP: 7/7
  2026 | D:3      | Found a white marble altar of Elyvilon.
  2026 | D:3      | Found an opulent altar of Gozag.
  2028 | D:3      | Found a hide-covered altar of Uskayaw.
  2056 | D:3      | Noticed Sigmund
  2109 | D:3      | Slain by Sigmund

Vault maps used:
D:1:      roderic_crossed_star
D:2:      lemuel_round_altar
D:3:      wad_lake_hut, minitemple, uniq_sigmund

Skill      XL: |  1  2  3 |
---------------+----------+-----
Fighting       | 1 2 3 |  3.0
Dodging        | |  1.7
Stealth        | |  1.7
Spellcasting   | |  2.0
Conjurations   | |  4.8

Action                   |  1- 3 |  4- 6 || total
-------------------------+-------+-------++-------
Melee: Unarmed           |    27 |       ||    27
       Club              |    60 |       ||    60
       Tailslap          |    16 |     4 ||    20
       Short sword       |    36 |       ||    36
       Hand axe          |    23 |    64 ||    87
 Cast: Magic Dart        |    43 |       ||    43
  Use: Potion            |       |     1 ||     1
 Stab: Sleeping          |     2 |       ||     2
  Eat: Chunk             |     4 |     1 ||     5
Armor: Skin              |    52 |    32 ||    84
Dodge: Dodged            |   112 |    33 ||   145
